 Seeded DCSS version 0.30.1-5-ged363bc7ee (webtiles) character file.

Game seed: 69 (custom seed)

71 Psyclone the Stinger (level 4, 24/24 HPs)
             Began as a Deep Elf Venom Mage on Sept 19, 2023.
             Quit the game on level 2 of the Dungeon.
             The game lasted 00:04:37 (2567 turns).

Psyclone the Stinger (Deep Elf Venom Mage)          Turns: 2567, Time: 00:04:37

Health: 24/24      AC:  2    Str:  5    XL:     4   Next: 5%
Magic:  11/11      EV: 13    Int: 22    God:
Gold:   101        SH:  5    Dex: 15    Spells: 7/10 levels left

rFire   . . .        j - +0 dagger
rCold   . . .        (no shield)
rNeg    . . .        a - +0 robe
rPois   .            (no helmet)
rElec   .            (no cloak)
rCorr   .            (no gloves)
SInv    .            (no boots)
Will    .....        k - amulet of reflection
Stlth   ++           (no ring)
HPRegen 0.24/turn    (no ring)
MPRegen 0.12/turn

%: reflection
@: no status effects
A: no striking features
a: no special abilities


You were on level 2 of the Dungeon.
You visited 1 branch of the dungeon, and saw 2 of its levels.

You collected 101 gold pieces.

Inventory:

Hand Weapons
 j - a +0 dagger (weapon)
Armour
 a - a +0 robe (worn)
 m - a +0 scale mail
Jewellery
 k - an amulet of reflection (around neck)
Scrolls
 c - 2 scrolls of poison {unknown}
 d - a scroll of teleportation {unknown}
 e - a scroll of amnesia {unknown}
Potions
 b - a potion of magic
 f - 2 potions of flight {unknown}
 g - a potion of might {unknown}
 h - a potion of degeneration {unknown}
 i - a potion of berserk rage {unknown}
 l - a potion of heal wounds {unknown}


   Skills:
 + Level 3.0 Dodging
 + Level 3.3 Stealth
 + Level 3.5 Spellcasting
 + Level 1.9 Transmutations
 * Level 4.1 Poison Magic


You had 7 spell levels left.
You knew the following spells:

 Your Spells              Type           Power      Damage    Failure   Level
a - Poisonous Vapours     Pois/Air       26%        N/A       8%          2
v - Sting                 Tmut/Pois      68%        1d6       3%          1

Your spell library contained the following spells:

 Spells                   Type           Power      Damage    Failure   Level
 Mephitic Cloud           Conj/Pois/Air  10%        N/A       21%         3
 Olgreb's Toxic Radiance  Pois           22%        N/A       22%         4


Dungeon Overview and Level Annotations

Branches:
Dungeon (2/15) Zot: 9432

Altars:

Annotations:
D:2 Jessica


Message History

Health restored: 24 You regained 5 mp, and now have 5/11 mp.
Magic restored.
Found a kite shield.
MP restored: 11 You see here a +0 kite shield.
You now have 89 gold pieces (gained 10).
A ball python comes into view.
Found a scale mail.
Casting: Sting (safe; 3% risk of failure)
Confirm with . or Enter, or press ? or * to list all spells.
Aiming: Poisonous Vapours (safe; 8% risk of failure)
Press: ? - help, Dir - move target, f - ball python
Aim: a ball python (asleep) Poisonous vapours surround the ball python!
The ball python is poisoned.
The ball python hisses angrily.
You now have 9/11 mp.
Casting: Poisonous Vapours (safe; 8% risk of failure)
Confirm with . or Enter, or press ? or * to list all spells.
Aiming: Poisonous Vapours (safe; 8% risk of failure)
Press: ? - help, Dir - move target, f/p - ball python
Aim: a ball python (poisoned) Poisonous vapours surround the ball python!
The ball python looks even sicker.
The ball python misses you. You block the ball python's attack.
The ball python misses you. The ball python closely misses you.
You now have 7/11 mp.
You hit the ball python.
The ball python is moderately wounded.
The ball python barely misses you. The ball python closely misses you.
You barely miss the ball python.
The ball python is severely wounded.
You kill the ball python!
You see here a ball python corpse.
You see here a +0 scale mail.
You now have 101 gold pieces (gained 12).
Key pressed, stopping explore.
MP restored: 11 Are you sure you want to abandon this character and quit the game? (Confirm with "yes".)

......#.#.##.#. #.
##....#.#....#.
###.#####....#.'####'.
...........÷#÷.......
... .....#.÷########
#.###..
#...#.......... .(...
#...#..#####.##
#..###............##
#..@.........#######
####.######.........
#.# #.######## #.# #.#
... ..# #.# #### #.#
#.#


There were no monsters in sight!

Vanquished Creatures
  3 adders (D:2)
  7 bats (D:1)
  2 endoplasms (D:1)
  3 goblins (D:1)
  6 hobgoblins
  4 jackals (D:2)
  5 quokkas
  4 ball pythons
  2 frilled lizards (D:1)
  2 kobolds
  3 rats
41 creatures vanquished.

Notes
Turn   | Place    | Note
-------+----------+-------------------------------------------
     0 | D:1      | Psyclone the Deep Elf Venom Mage began the quest for the
                  | Orb.
     0 | D:1      | Reached XP level 1. HP: 10/10 MP: 6/6
   305 | D:1      | Reached XP level 2. HP: 15/15 MP: 4/8
   351 | D:1      | Learned a level 2 spell: Poisonous Vapours
   903 | D:1      | Found a faded altar of an unknown god.
  1530 | D:1      | Reached XP level 3. HP: 12/19 MP: 0/9
  1823 | D:2      | Reached skill level 4 in Poison Magic
  1922 | D:2      | Noticed Jessica
  2347 | D:2      | Reached XP level 4. HP: 12/24 MP: 0/11
  2567 | D:2      | Quit the game

Illustrated notes

Levels and vault maps discovered:
D:1:      minmay_arrival_nine_rooms, layout_basic,
          dreamdust_ecumenical_altar_sealed_demon
D:2:      layout_loops_ring, minivault_11, uniq_jessica

Skill      XL: |  1  2  3 |
---------------+----------+-----
Stealth        | 3 |  3.3
Poison Magic   | 4 |  4.1
Dodging        | 3 |  3.0
Spellcasting   | |  3.5
Transmutations | |  1.9

Action                     |  1- 3 |  4- 6 || total
---------------------------+-------+-------++-------
  Melee: Dagger            |    30 |     2 ||    32
         Unarmed           |     2 |       ||     2
   Cast: Sting             |    23 |       ||    23
         Poisonous Vapours |    61 |     2 ||    63
 Armour: Robe              |    11 |       ||    11
  Dodge: Dodged            |    55 |     5 ||    60
  Block: Other             |     5 |     1 ||     6
